 Dungeon Crawl Stone Soup version 0.28.0 (webtiles) character file.

Game seed: 11840964283675509798

3419 KApperson the Protected (level 9, -4/83 HPs)
             Began as a Minotaur Fighter on Feb 13, 2022.
             Was a Priest of Ignis.
             Slain by an elephant (8 damage)
             ... on level 9 of the Dungeon.
             The game lasted 00:17:20 (6473 turns).

KApperson the Protected (Minotaur Fighter)          Turns: 6473, Time: 00:17:21

Health: -4/83      AC: 15    Str: 26    XL:     9   Next: 76%
Magic:  8/8        EV: 13    Int:  5    God:    Ignis [***...]
Gold:   498        SH:  6    Dex: 11    Spells: 8/8 levels left

rFire   + . .      SeeInvis .   a - +0 long sword
rCold   . . .      Faith    .   c - +0 buckler
rNeg    . . .      Spirit   .   m - +3 scale mail "Weruh" {*Corrode Regen+ Str+2}
rPois   .          Reflect  .   (helmet restricted)
rElec   .          Harm     .   (no cloak)
rCorr   .          Rampage  .   (no gloves)
Will    .....                   v - +0 pair of boots
Stlth   ..........              q - amulet of regeneration
HPRegen 1.83/turn               r - ring of flight
MPRegen 0.11/turn               g - +4 ring of evasion

@: corroded, fiery-armoured, flying
A: horns 2, retaliatory headbutt
a: Renounce Religion, Fiery Armour, Foxfire Swarm, Rising Flame


You were on level 9 of the Dungeon.
You worshipped Ignis.
Ignis was most pleased with you.
You visited 2 branches of the dungeon, and saw 10 of its levels.

You collected 498 gold pieces.

Inventory:

Hand Weapons
 a - a +0 long sword (weapon)
 s - a +0 flail of holy wrath
Armour
 b - a +0 scale mail
 c - a +0 buckler (worn)
 m - the +3 scale mail "Weruh" (worn) {*Corrode Regen+ Str+2}
   (You found it on level 3 of the Dungeon)

   Str:       It affects your strength (+2).
   Regen:     It increases your rate of health regeneration.
   *Corrode:  It may corrode you when you take damage.
 v - a +0 pair of boots (worn)
 E - a +2 chain mail of poison resistance
Jewellery
 g - a +4 ring of evasion (right hand)
 q - an amulet of regeneration (around neck)
 r - a ring of flight (left hand)
 u - the amulet "Wiwy" {Acrobat rElec rPois Will- Dex-3}
   (You found it on level 5 of the Dungeon)

   [amulet of the acrobat]

   It increases your evasion while moving and waiting.
   Dex:       It affects your dexterity (-3).
   rElec:     It insulates you from electricity.
   rPois:     It protects you from poison.
   Will:      It decreases your willpower.
 x - a ring of ice
 y - an amulet of guardian spirit
 C - a ring of resist corrosion
Wands
 l - a wand of flame (56)
 p - a wand of acid (9)
Scrolls
 h - 2 scrolls of magic mapping
 j - a scroll of fog
 k - 5 scrolls of teleportation
 n - a scroll of enchant armour
 w - a scroll of summoning {unknown}
 A - a scroll of torment {unknown}
 D - a scroll of amnesia
 F - 4 scrolls of identify
Potions
 d - a potion of might
 e - 3 potions of curing
 f - 3 potions of degeneration
 i - a potion of brilliance {unknown}
 o - 3 potions of flight
 t - a potion of heal wounds {unknown}
 z - a potion of lignification {unknown}
 B - a potion of resistance {unknown}


   Skills:
 + Level 9.1 Fighting
 + Level 8.7 Long Blades
 + Level 9.2 Armour
 + Level 9.1 Shields


You had 8 spell levels left.
You didn't know any spells.
Your spell library contained the following spells:

 Spells                   Type           Power      Damage    Failure   Level
 Foxfire                  Conj/Fire      0%         2x1d4     78%         1
 Ensorcelled Hibernation  Hex/Ice        0%         N/A       89%         2
 Passwall                 Tmut/Erth      0%         N/A       89%         2
 Spider Form              Tmut/Pois      0%         N/A       98%         3
 Stone Arrow              Conj/Erth      0%         3d7       98%         3
 Swiftness                Air            0%         N/A       98%         3
 Anguish                  Hex/Necr       0%         N/A       100%        4
 Animate Armour           Summ/Erth      0%         N/A       100%        4
 Olgreb's Toxic Radiance  Pois           0%         N/A       100%        4
 Starburst                Conj/Fire      0%         6d3       100%        6
 Lehudib's Crystal Spear  Conj/Erth      0%         10d2      100%        8
 Chain Lightning          Conj/Air       0%         N/A       100%        9
 Fire Storm               Conj/Fire      0%         5d1       100%        9
 Shatter                  Erth           0%         3d5*      100%        9


Dungeon Overview and Level Annotations

Branches:
Dungeon (9/15)             Temple (1/1) D:5            Lair (0/6) D:9
    Orc: D:9-12

Altars:
Ashenzari
Cheibriados
Dithmenos
Elyvilon
Fedhas
Gozag
Hepliaklqana
Kikubaaqudgha
Makhleb
Nemelex Xobeh
Okawaru
Qazlal
Ru
Sif Muna
Trog
Uskayaw
Vehumet
Wu Jian
Xom
Yredelemnul
Zin
The Shining One
Ignis

Shops:
D:1 !:!   D:4 =


Innate Abilities, Weirdness & Mutations

You have a pair of horns on your head.
You reflexively headbutt those who attack you in melee.


Message History

The elephant trunk-slaps you but does no damage.
The death yak gores you!!
The elephant tramples you but does no damage.
The elephant trunk-slaps you but does no damage.
The death yak gores you. The elephant barely misses you.
The elephant trunk-slaps you but does no damage.
The death yak gores you!
The elephant tramples you but does no damage.
The elephant trunk-slaps you but does no damage.
The death yak gores you!! The elephant tramples you.
You hold your ground!
The elephant trunk-slaps you but does no damage.
The death yak gores you! The elephant tramples you!
You hold your ground!
The elephant trunk-slaps you but does no damage.
The death yak gores you!!
You turn to flesh and can move again.
Unknown command.
You slash the elephant!
You headbutt the elephant, but do no damage.
The elephant is moderately wounded.
The elephant tramples you but does no damage.
The elephant trunk-slaps you.
Your corrosive artefact corrodes you!
The death yak gores you.
You barely miss the elephant.
The elephant is moderately wounded.
The elephant barely misses you. You furiously retaliate!
You headbutt the elephant, but do no damage.
The elephant trunk-slaps you but does no damage.
The death yak gores you.
You hit the elephant.
The elephant is moderately wounded.
The elephant tramples you.
You hold your ground!
The elephant trunk-slaps you but does no damage.
The death yak gores you!!
* * * LOW HITPOINT WARNING * * *
A protective cloak of flame settles atop you.
The elephant tramples you!
You die...

.P..... P......
....>.. .P.....
.P..... .# .......
.# ##.....### .#
......lY@# .#
##.....Y###.####
#.....!....#..###
#.........##....#
................#
..[............##
................###
..................##
##.#...............#


You could see a death yak, an elephant and a basilisk.

Vanquished Creatures
  Pikel (D:7)
  A gargoyle (D:8)
  A wraith (D:8)
  A water moccasin (D:4)
  An ice beast (D:8)
  2 black bears
  2 orc warriors (D:8)
  An ogre (D:7)
  A centaur (D:9)
  3 phantoms
  A wyvern zombie (D:7)
  2 bullfrogs (D:7)
  A scorpion (D:5)
  A water moccasin zombie (D:6)
  2 wyvern skeletons (D:7)
  A water moccasin skeleton (D:5)
  10 killer bees
  2 howler monkeys
  A centaur zombie (D:6)
  A jelly (D:6)
  3 orc priests
  A bullfrog skeleton (D:4)
  2 hounds
  A centaur skeleton (D:6)
  Jessica (D:3)
  3 iguanas
  3 orc wizards
  A killer bee zombie (D:8)
  A hound skeleton (D:5)
  7 adders
  A shadow imp (D:7)
  A white imp (D:8)
  An ufetubus (D:5)
  A dart slug (D:1)
  18 orcs
  3 bats
  3 giant cockroaches (D:1)
  8 goblins
  6 hobgoblins
  2 jackals (D:1)
  A kobold (D:2)
  4 quokkas
  5 ball pythons
  4 frilled lizards
  2 rats
119 creatures vanquished.

Vanquished Creatures (others)
  2 foxfires (D:8)
2 creatures vanquished.

Grand Total: 121 creatures vanquished

Notes
Turn   | Place    | Note
-------+----------+-------------------------------------------
     0 | D:1      | KApperson the Minotaur Fighter began the quest for the Orb.
     0 | D:1      | Reached XP level 1. HP: 19/19 MP: 0/0
   132 | D:1      | Reached XP level 2. HP: 27/27 MP: 1/1
   208 | D:1      | Found Huibot's Book Shop.
   397 | D:1      | Found Jefeshos's Distillery.
   423 | D:1      | Found Juyladgh's Distillery.
   652 | D:2      | Reached XP level 3. HP: 20/33 MP: 2/2
   895 | D:2      | You fall into a shaft and drop 1 floor!
   929 | D:3      | Reached XP level 4. HP: 40/41 MP: 3/3
  1096 | D:3      | Noticed Jessica
  1103 | D:3      | Killed Jessica
  1579 | D:3      | Identified the +3 scale mail "Weruh" {*Corrode Regen+
                  | Str+2}
  1829 | D:2      | Found a faded altar of an unknown god.
  2186 | D:2      | Prayed at the altar of an unknown god.
  2186 | D:2      | Became a worshipper of Ignis, the Dying Flame
  2364 | D:4      | Found Pybleaz's Jewellery Shop.
  2452 | D:4      | Noticed a water moccasin
  2463 | D:4      | Killed a water moccasin
  2464 | D:4      | Reached skill level 5 in Fighting
  2464 | D:4      | Reached skill level 5 in Armour
  2464 | D:4      | Reached skill level 5 in Shields
  2464 | D:4      | Reached XP level 5. HP: 39/48 MP: 4/4
  2694 | D:4      | Reached XP level 6. HP: 44/56 MP: 5/5
  3140 | D:5      | Entered Level 5 of the Dungeon
  3225 | D:5      | Identified the amulet "Wiwy" {Acrobat rElec rPois Will-
                  | Dex-3}
  3287 | D:5      | Found a staircase to the Ecumenical Temple.
  3312 | Temple   | Entered the Ecumenical Temple
  3592 | D:5      | Reached skill level 5 in Long Blades
  3592 | D:5      | Reached XP level 7. HP: 62/62 MP: 6/6
  3628 | D:5      | Got the Catalogue of the Poisonous Arsonist
  3875 | D:5      | Identified the +6 long sword "Hurhe" {vorpal, rF+}
  4331 | D:6      | Noticed a troll
  4331 | D:6      | Noticed a manticore
  4743 | D:7      | Noticed Pikel
  4757 | D:7      | Killed Pikel
  4758 | D:7      | Reached XP level 8. HP: 63/73 MP: 7/7
  4995 | D:7      | Reached XP level 9. HP: 81/81 MP: 8/8
  5847 | D:8      | Noticed a gargoyle
  5856 | D:8      | Killed a gargoyle
  5942 | D:8      | Found an ornate altar of the Wu Jian Council.
  5967 | D:8      | Found a sparkling altar of Nemelex Xobeh.
  6099 | D:8      | Noticed a death knight
  6178 | D:8      | Found a sacrificial altar of Ru.
  6191 | D:8      | Found a white marble altar of Elyvilon.
  6278 | D:8      | Noticed a freezing wraith
  6396 | D:9      | Found a faded altar of an unknown god.
  6396 | D:9      | Found a hide-covered altar of Uskayaw.
  6404 | D:9      | Found a shimmering altar of Xom.
  6406 | D:9      | Found a stormy altar of Qazlal.
  6408 | D:9      | Found a blossoming altar of Fedhas.
  6447 | D:9      | Found a staircase to the Lair.
  6447 | D:9      | Noticed an elephant
  6447 | D:9      | Noticed a death yak
  6472 | D:9      | HP: 2/83 [death yak (25)]
  6473 | D:9      | Slain by an elephant

Illustrated notes

Levels and vault maps discovered:
D:1:      lemuel_arrival_behind_the_door_small, layout_rooms, serial_shops,
          shop, nicolae_shop_trees, shop_statue
D:2:      layout_basic, shapermc_ecumenical_altar_flowoftime, chequers_jeans,
          corexii_hall_statues_l
D:3:      layout_basic, uniq_jessica
D:4:      layout_gridville, serial_shops, shop_fountains,
          kennysheep_decorative_pillar, serial_park_tiny_2, abandoned_shop,
          serial_bayou_lake_a
D:5:      layout_rooms, temple_statues, nicolae_sextant, chequers_arboretum
D:6:      layout_basic, lightli_corner_chamber
D:7:      cheibrodos_helix_gallery, layout_loops_cross, roderic_roman_lattice,
          uniq_pikel
D:8:      layout_basic, nicolae_overflow_quartered_altars,
          kennysheep_minor_cross
D:9:      layout_cave_pools, chequers_temple_overflow_minitemple,
          david_lair_generic
Temple:   dpeg_chambers_temple

Skill      XL: |  1  2  3  4  5  6  7  8  9 |
---------------+----------------------------+-----
Fighting       | 4 5 7 9 |  9.1
Long Blades    | 3 4 5 6 7 8 |  8.7
Armour         | 4 5 7 9 |  9.2
Shields        | 4 5 7 9 |  9.1

Action                   |  1- 3 |  4- 6 |  7- 9 || total
-------------------------+-------+-------+-------++-------
Melee: Long sword        |    51 |   110 |   253 ||   414
       Headbutt          |     4 |    16 |    46 ||    66
Invok: Fiery Armour      |       |     1 |     3 ||     4
       Foxfire Swarm     |       |       |     2 ||     2
  Use: Scroll            |       |     3 |     5 ||     8
Armor: Scale mail        |    37 |    61 |   150 ||   248
Dodge: Dodged            |    23 |    58 |   134 ||   215
Block: Buckler           |     9 |    29 |    72 ||   110
